 Dungeon Crawl Stone Soup version 0.28-a0-1347-g113dc556a4 (webtiles) character file.

Game seed: 15256054454237064528

89 fragbeetle the Chiller (level 4, -6/32 HPs)
             Began as a Merfolk Ice Elementalist on Dec 22, 2021.
             Mangled by Crazy Yiuf (7 damage)
             ... on level 3 of the Dungeon on Dec 30, 2021.
             The game lasted 00:10:13 (2864 turns).

fragbeetle the Chiller (Merfolk Ice Elementalist)   Turns: 2864, Time: 00:10:15

Health: -6/32      AC:  8    Str: 10    XL:     4   Next: 55%
Magic:  1/7        EV: 13    Int: 14    God:
Gold:   96         SH:  5    Dex: 14    Spells: 0/7 levels left

rFire   . . .      SeeInvis .   b - +0 dagger
rCold   . . .      Faith    .   (no shield)
rNeg    . . .      Spirit   .   a - +0 robe
rPois   +          Reflect  +   (no helmet)
rElec   .          Harm     .   k - scarf {+Inv}
rCorr   .          Rampage  .   (no gloves)
Will    +....                   (no boots)
Stlth   ++........              r - amulet of reflection
HPRegen 0.10/turn               i - ring of willpower
MPRegen 0.10/turn               s - ring of poison resistance

@: ice-armoured, freezing walls
A: (nimble swimmer 2), mertail
a: Evoke Invisibility


You were on level 3 of the Dungeon.
You visited 1 branch of the dungeon, and saw 3 of its levels.

You collected 96 gold pieces.

Inventory:

Hand Weapons
 b - a +0 dagger (weapon)
Missiles
 c - 102 stones
 n - 15 poisoned darts
Armour
 a - a +0 robe (worn)
 e - a +0 ring mail
 k - a scarf of invisibility (worn)
Jewellery
 f - a ring of protection from cold
 i - a ring of willpower (left hand)
 r - an amulet of reflection (around neck)
 s - a ring of poison resistance (right hand)
Scrolls
 g - a scroll of acquirement {unknown}
 j - a scroll of immolation {unknown}
 l - a scroll of fear {unknown}
 m - a scroll of enchant armour {unknown}
 o - a scroll of identify {unknown}
 t - a scroll of teleportation {unknown}
Potions
 d - 2 potions of degeneration {unknown}
 h - 2 potions of curing
 p - a potion of cancellation {unknown}
 q - 2 potions of resistance {unknown}


   Skills:
 + Level 1.2 Fighting
 + Level 0.9 Short Blades
 + Level 0.5 Armour
 + Level 3.4 Dodging
 + Level 2.9 Stealth
 + Level 2.4 Spellcasting
 * Level 5.0 Ice Magic


You couldn't memorise any spells.
You knew the following spells:

 Your Spells              Type           Power      Damage    Failure   Level
a - Freeze                Ice            60%        1d8       3%          1
b - Frozen Ramparts       Ice            30%        1d5       9%          3
c - Ozocubu's Armour      Ice            15%        N/A       9%          3

Your spell library contained the following spells:

 Spells                   Type           Power      Damage    Failure   Level
 Apportation              Tloc           2%         N/A       22%         1
 Hailstorm                Conj/Ice       8%         3d4       63%         4
 Alistair's Intoxication  Tmut/Pois      0%         N/A       99%         5


Dungeon Overview and Level Annotations

Branches:
Dungeon (3/15)

Altars:

Annotations:
D:3 Crazy Yiuf, Terence


Innate Abilities, Weirdness & Mutations

((You are very nimble when in or above water. (Stealth+, EV+, Speed+++)))
Your lower body shifts to a powerful aquatic tail in water.


Message History

Found a stone staircase leading up.
Found a faded altar of an unknown god.
Found an escape hatch in the ceiling.
You open the door.
There is an open door here.
Found a twisted mace.
Found a runed translucent door.
You open the door.
Throw: 17 darts (poison)
Press: ? - help, Shift-Dir - straight line, f - Crazy Yiuf
Aim: Crazy Yiuf, wielding a +2 quarterstaff of chaos and wearing a +0 cloak (asleep, 98% to hit)
You throw a poisoned dart. The poisoned dart hits Crazy Yiuf.
Crazy Yiuf is poisoned.
Crazy Yiuf shouts!
Throw: 16 darts (poison)
Press: ? - help, Shift-Dir - straight line, f/p - Crazy Yiuf
Aim: Crazy Yiuf, wielding a +2 quarterstaff of chaos and wearing a +0 cloak (poisoned, 61% to hit)
You throw a poisoned dart. The poisoned dart hits Crazy Yiuf.
Crazy Yiuf drinks a potion.
Crazy Yiuf is healed!
Crazy Yiuf looks more healthy.
Casting: Freeze (safe; 3% risk of failure)
Confirm with . or Enter, or press ? or * to list all spells.
The spell is quite dangerous to miscast (9% risk of failure)!
Continue anyway?
Casting: Frozen Ramparts (quite dangerous; 9% risk of failure)
Press: ? - help, Dir - look around, f - activate The walls around you are covered in ice.
Casting: Frozen Ramparts (quite dangerous; 9% risk of failure)
Confirm with . or Enter, or press ? or * to list all spells.
The spell is quite dangerous to miscast (9% risk of failure)!
Continue anyway?
A film of ice covers your body!
The wall freezes Crazy Yiuf.
You closely miss Crazy Yiuf.
Crazy Yiuf is lightly wounded.
The wall freezes Crazy Yiuf.
Crazy Yiuf hits you with a +2 quarterstaff of chaos!
Crazy Yiuf freezes you.
You hit Crazy Yiuf but do no damage.
Crazy Yiuf is lightly wounded.
The wall freezes Crazy Yiuf.
Crazy Yiuf hits you with a +2 quarterstaff of chaos!
* * * LOW HITPOINT WARNING * * *
Space warps horribly around you!
You die...

##
#.##..............##
####.##............###
.....##............#
.###.##.############
.....##.#
...#.#####♣♣♣♣♣
#..#.###....♣.♣♣♣ ###
#<...........♣..♣#...#
##.#.#......♣♣♣♣@g.((#
#....##....♣♣ ♣♣#..)#
#..#.#####♣♣ ###
#....# #.#..#
#.#..#########
#.#..##......#
#.#..##......#
..#...#......#


You could see Crazy Yiuf.

Vanquished Creatures
  An adder (D:2)
  3 worms (D:2)
  3 dart slugs
  7 ball pythons
  An endoplasm (D:1)
  3 giant cockroaches
  7 goblins
  9 hobgoblins
  7 jackals
  5 kobolds
  5 bats
  4 frilled lizards (D:1)
  5 rats
60 creatures vanquished.

Notes
Turn   | Place    | Note
-------+----------+-------------------------------------------
     0 | D:1      | fragbeetle the Merfolk Ice Elementalist began the quest for
                  | the Orb.
     0 | D:1      | Reached XP level 1. HP: 13/13 MP: 3/3
   125 | D:1      | Reached XP level 2. HP: 18/19 MP: 0/5
   890 | D:1      | Reached XP level 3. HP: 25/25 MP: 3/6
   929 | D:1      | Learned a level 3 spell: Frozen Ramparts
   937 | D:1      | Upgraded the game from 0.28-a0-1227-ga9037bb4c8 to
                  | 0.28-a0-1347-g113dc556a4
  1632 | D:2      | Reached skill level 1 in Fighting
  1645 | D:2      | Reached XP level 4. HP: 26/32 MP: 2/7
  1872 | D:2      | Learned a level 3 spell: Ozocubu's Armour
  2517 | D:3      | Reached skill level 5 in Ice Magic
  2588 | D:3      | Noticed Terence
  2801 | D:3      | Found a faded altar of an unknown god.
  2854 | D:3      | Found a runed translucent door.
  2855 | D:3      | Noticed Crazy Yiuf
  2864 | D:3      | HP: 1/32 [Crazy Yiuf (10)]
  2864 | D:3      | Mangled by Crazy Yiuf

Illustrated notes

Levels and vault maps discovered:
D:1:      dpeg_arrival_tiny_a, layout_loops_ring
D:2:      layout_basic, st_stairs_1, moated_statue
D:3:      layout_basic, nicolae_ecumenical_pavilion, minmay_misc_feat_room,
          chequers_big_river, uniq_terence, uniq_sigmund,
          uniq_crazy_yiuf_cottage

Skill      XL: |  1  2  3  4 |
---------------+-------------+-----
Dodging        | 3 |  3.4
Fighting       | 1 |  1.2
Ice Magic      | 5 |  5.0
Short Blades   | |  0.9
Armour         | |  0.5
Stealth        | |  2.9
Spellcasting   | |  2.4

Action                   |  1- 3 |  4- 6 || total
-------------------------+-------+-------++-------
Melee: Dagger            |    49 |    20 ||    69
       Unarmed           |     1 |       ||     1
Throw: Stone             |     7 |     2 ||     9
       Dart              |       |     2 ||     2
 Cast: Freeze            |    45 |    23 ||    68
       Frozen Ramparts   |     3 |     3 ||     6
       Ozocubu's Armour  |       |     1 ||     1
 Stab: Sleeping          |     5 |     3 ||     8
Armor: Robe              |     9 |     9 ||    18
Dodge: Dodged            |    54 |    23 ||    77

Table legend: (Time is in decaauts)
 A = Elapsed time spent in this place.
 B = Non-inter-level travel time spent in this place.
 C = Inter-level travel time spent in this place.
 D = Time resting spent in this place.
 E = Time spent auto-exploring this place.
 F = Levels seen in this place.
 G = Mean time per level.
                   A        B        C        D        E       F      G
               +--------+--------+--------+--------+--------+-----+--------+
         Total |   2849 |   2809 |     40 |    848 |    828 |   3 |  949.7 |
       Dungeon |   2849 |   2809 |     40 |    848 |    828 |   3 |  949.7 |
               +--------+--------+--------+--------+--------+-----+--------+

Top non-repeatable levels by time:
     D:1: 1351 daAuts
     D:2: 909 daAuts
     D:3: 589 daAuts
